 Dungeon Crawl Stone Soup version 0.21.1-1-g345015f (webtiles) character file.

408 Goblin1989 the Skirmisher (level 6, 0/63 HPs)
             Began as a Naga Wanderer on Feb 5, 2018.
             Killed by divine providence
             ... invoked by an orc priest
              (10 damage)
             ... on level 4 of the Dungeon.
             The game lasted 00:08:42 (3878 turns).

Goblin1989 the Skirmisher (Naga Wanderer)           Turns: 3878, Time: 00:08:44

Health: 0/63       AC:  4    Str: 15    XL:     6   Next: 88%
Magic:  6/6        EV:  8    Int: 13    God:
Gold:   127        SH:  0    Dex: 11    Spells: 5/5 levels left

rFire    . . .     SeeInvis +   B - +0 war axe
rCold    . . .     Gourm    .   (no shield)
rNeg     . . .     Faith    .   p - +0 ring mail
rPois    +         Spirit   .   (no helmet)
rElec    .         Reflect  .   (no cloak)
rCorr    .         Harm     .   (no gloves)
MR       .....                  (no barding)
Stlth    +.........             (no amulet)
HPRegen  0.20/turn              (no ring)
MPRegen  0.10/turn              (no ring)

@: very slow
A: large, see invisible, deformed body, poison resistance, slowness 2, slow
metabolism 1, spit poison 1, AC +2
a: Spit Poison


You were on level 4 of the Dungeon.
You were not hungry.

You visited 1 branch of the dungeon, and saw 4 of its levels.

You collected 127 gold pieces.

Inventory:

Hand Weapons
 b - a +0 hand crossbow
 d - a +0 shortbow
 k - a +0 dagger of venom
 y - a +0 quarterstaff
 B - a +0 war axe (weapon)
Missiles
 c - 30 bolts
 f - 22 arrows
Armour
 a - a +2 scale mail
 p - a +0 ring mail (worn)
 s - a +0 plate armour
Scrolls
 h - 2 scrolls of remove curse {unknown}
 j - a scroll of magic mapping {unknown}
 l - 3 scrolls of identify {unknown}
 n - 4 scrolls of enchant weapon {unknown}
 q - a scroll of teleportation {unknown}
 w - a scroll of fog {unknown}
Potions
 o - a potion of mutation {unknown}
 t - a potion of heal wounds {unknown}
 v - a potion of cancellation {unknown}
 z - a potion of magic {unknown}
Comestibles
 e - 6 rations


   Skills:
 - Level 6.5 Fighting
 + Level 4.5 Axes
 - Level 1.0 Bows
 - Level 1.0 Throwing
 - Level 1.5 Armour
 - Level 1.5 Stealth


You had 5 spell levels left.
You didn't know any spells.

Dungeon Overview and Level Annotations

Branches:
Dungeon (4/15)
 Temple: D:4-7

Altars:
Xom


Innate Abilities, Weirdness & Mutations

You cannot wear boots.
Your serpentine skin is tough. (AC +2)
You have supernaturally acute eyesight. (SInv)
Armour fits poorly on your strangely shaped body.
Your system is resistant to poisons. (rPois)
You cover ground very slowly.
You have a slow metabolism.
You can spit poison.


Message History

Unknown command.
You start resting.
You feel a strong urge to attack something.
You start resting.
You feel your anger nearly subside.
You are no longer berserk.
You are exhausted.
You feel yourself slow down.
You now have 23/63 hp.
You start resting.
You feel yourself speed up.
You regained 9 hp, and now have 32/63 hp.
You start resting.
You recover from your berserk rage.
You regained 3 hp, and now have 35/63 hp.
You start resting.
You start resting.
All of the chunks of flesh in your inventory have rotted away.
HP restored.
Health restored: 63 You start waiting.
Done waiting.
Things that are here:
a club; a goblin skeleton Key pressed, stopping explore.
Key pressed, stopping explore.
Found a stone staircase leading up.
Done exploring.
Done exploring.
(D) Dungeon
Where to? (Enter - D:3 @ (x,y), ? - help)
There is a stone staircase leading down here.
You climb downwards.
There is a stone staircase leading up here.
There is a stone staircase leading up here. 2 orcs and 2 orc priests come into view.
The orc priest shouts!
The orc shouts! x2; You hear a shout! x2
An orc comes into view.
The orc priest invokes the aid of Beogh against you.
Pain shoots through your body!
You take 2 damage, and have 61/63 hp.
The orc priest hits you with a falchion.
You take 4 damage, and have 58/63 hp.
You completely miss the orc priest.
The orc priest hits you but does no damage.
You slash the orc priest!
The orc priest is severely wounded.
You barely miss the orc. The orc hits you with a hand axe.
The orc priest calls down the wrath of Beogh upon you.
Beogh smites you!
The orc priest calls down the wrath of Beogh upon you.
You struggle to resist.
The orc closely misses you.
You take 15 damage, and have 43/63 hp.
MASSIVE DAMAGE!!
You barely miss the orc priest.
The orc priest is severely wounded.
You hit the orc. The orc priest barely misses you. The orc barely misses you.
An orc priest comes into view. It is wielding a dagger.
You hit the orc priest.
The orc priest is almost dead.
You barely miss the orc. The orc priest misses you. The orc barely misses you.
You hit the orc priest but do no damage.
The orc priest is almost dead.
You slash the orc!
You kill the orc!
The orc priest hits you with a falchion.
You take 1 damage, and have 42/63 hp.
Unknown command.
You hit the orc priest.
You kill the orc priest!
You hit the orc priest but do no damage.
The orc priest invokes the aid of Beogh against you.
Pain shoots through your body!
You take 10 damage, and have 32/63 hp.
The orc priest calls down the wrath of Beogh upon you.
Beogh smites you!
* * * LOW HITPOINT WARNING * * *
The orc priest hits you.
* * * LOW HITPOINT WARNING * * *
Things that are here:
a falchion; a scale mail You take 18 damage, and have 14/63 hp.
MASSIVE DAMAGE!!
You hit the orc priest.
The orc priest is lightly wounded.
You hit the orc but do no damage.
You hit the orc priest but do no damage.
The orc priest looks satisfied for a moment.
You slash the orc!
You kill the orc!
You hit the orc priest.
Your ring mail prevents you from hitting the orc.
The orc priest hits you.
* * * LOW HITPOINT WARNING * * *
The orc hits you but does no damage.
You barely miss the orc priest.
The orc priest is heavily wounded.
You hit the orc. The orc priest barely misses you.
The orc hits you with a club.
* * * LOW HITPOINT WARNING * * *
The orc priest mumbles some strange prayers to Beogh against you.
Beogh smites you!
You die...

█.█████████...
█.........█..█
█████████.█..█
█.█..█.o....
█████.█..█.█.o. .
█........█.... ..
█.██.██..█.o. o..
████.██o██..█o. ....
█$.....@o...█.█...█.
█.██.██o███.█.......
█ █.█ █..o......
...............
██.████████.█.. █.█
█ █.█ ███


You could see 2 orc priests and an orc.

Vanquished Creatures
  An ogre (D:3)
  The ghost of Goblin1989 the Chopper, an amateur DsMo (D:3)
  2 orc priests
  An orc wizard (D:3)
  An iguana (D:4)
  A worker ant (D:4)
  3 adders (D:3)
  An ooze (D:2)
  2 dart slugs
  2 leopard geckos (D:3)
  6 orcs
  2 ball pythons (D:2)
  8 bats
  3 giant cockroaches
  6 goblins
  5 hobgoblins
  2 quokkas (D:2)
  2 frilled lizards (D:3)
  A jackal skeleton (D:4)
  7 kobolds
  A quokka skeleton (D:4)
  6 rats
64 creatures vanquished.

Notes
Turn   | Place    | Note
-------+----------+-------------------------------------------
     0 | D:1      | Goblin1989 the Naga Wanderer began the quest for the Orb.
     0 | D:1      | Goblin1989 set off with: a +2 scale mail, a +0 hand crossbow, 26 bolts, a +0 shortbow, a ration, 22 arrows
     0 | D:1      | Reached XP level 1. HP: 22/22 MP: 1/1
   199 | D:1      | Reached XP level 2. HP: 31/31 MP: 2/2
   942 | D:1      | Reached XP level 3. HP: 36/38 MP: 3/3
  1179 | D:2      | Reached skill level 5 in Fighting
  1342 | D:2      | Found a faded altar of an unknown god.
  1881 | D:3      | Reached XP level 4. HP: 46/46 MP: 4/4
  1916 | D:3      | Reached skill level 6 in Fighting
  2009 | D:3      | Reached XP level 5. HP: 43/55 MP: 5/5
  2396 | D:3      | Noticed Goblin1989's ghost (amateur DsMo)
  2619 | D:4      | Noticed an ogre
  2634 | D:3      | Killed an ogre
  2634 | D:3      | Reached XP level 6. HP: 6/63 MP: 6/6
  3322 | D:3      | Found a shimmering altar of Xom.
  3417 | D:3      | Killed Goblin1989's ghost
  3878 | D:4      | Killed from afar by an orc priest

Skill      XL: |  1  2  3  4  5  6 |
---------------+-------------------+-----
Fighting       | 5 6 |  6.5
Axes           | 2 4 |  4.5
Bows           | |  1.0
Throwing       | |  1.0
Armour         | |  1.5
Stealth        | |  1.5

Action                   |  1- 3 |  4- 6 || total
-------------------------+-------+-------++-------
Melee: War axe           |       |    54 ||    54
 Fire: Hand crossbow     |   111 |    45 ||   156
 Abil: Spit Poison       |       |     3 ||     3
  Use: Potion            |       |     1 ||     1
  Eat: Chunk             |     2 |     2 ||     4
       Ration            |       |     1 ||     1
Armor: Scale mail        |    39 |       ||    39
       Ring mail         |     5 |    20 ||    25
Dodge: Dodged            |    22 |    42 ||    64

Vault maps used:
D:1:      evilmike_arrival_rings
D:2:      chequers_ecumenical_altar_twisty
D:3:      lemuel_coloured_pillars_altar, first_ration
D:4:      cheibrodos_pilgrimage, grunt_ministairs_2
